AoeStats
← 散步黑鵝

Lombardia

509067662Analyzed
4v4 RM · 7d ago on Sep 25, 2026· 51m 20s· 8 players
Game mode
Random Map
Map size
Large (8 player)
Population
200
Speed
Normal
Resources
Standard
Victory
Conquest
Starting age
Dark Age
Ending age
Imperial Age
RankedLock teamsTeams togetherTeam positionsShared explorationLock speedFull tech treeHidden civsTurbo modeCheats
Victory
Defeat
🇹🇼 Varangians · Taiwan
2086
+8
🇹🇼 Persians · Taiwan
2077
+8
🇹🇼 Maya · Taiwan
2043
+9
🇹🇼 Mongols · Taiwan
1685
+23
🇹🇷 Goths · Türkiye
1984
-16
🇨🇳 Persians · China
1888
-12
🇫🇷 Khmer · France
1839
-10
🇨🇳 Mongols · China
1825
-10
十大地方
4:55 Loom
9:52 Feudal Age
11:26 Double-Bit Axe
16:22 Castle Age
16:02 Fletching
16:50 Horse Collar
21:58 Bodkin Arrow
22:13 Gold Mining
23:36 Padded Archer Armor
25:33 Parthian Tactics
26:02 Ballistics
29:48 Wheelbarrow
29:01 Town Watch
32:39 Imperial Age
31:22 Heavy Plow
32:20 Bow Saw
34:10 Chemistry
33:27 Leather Archer Armor
33:18 Thumb Ring
34:11 Caravan
34:43 Crossbowman
35:33 Heavy Cavalry Archer
38:07 Two-Man Saw
38:57 Ring Archer Armor
39:24 Cavalier
40:05 Husbandry
40:15 Bloodlines
40:11 Scale Barding Armor
40:16 Forging
41:17 Chain Barding Armor
41:18 Conscription
41:25 Savar
43:02 Iron Casting
43:46 Plate Barding Armor
43:58 Stone Mining
45:15 Blast Furnace
43:55 Light Cavalry
48:06 Hussar
49:11 Kamandaran
48:52 Crossbowman
=)Svanhilde
10:52 Feudal Age
13:43 Castle Age
11:35 Double-Bit Axe
11:39 Horse Collar
14:55 Bow Saw
14:45 Heavy Plow
22:12 Wheelbarrow
24:35 Stone Mining
24:36 Gold Mining
25:21 Hand Cart
24:53 Loom
24:54 Town Watch
26:14 Stone Shaft Mining
27:01 Gold Shaft Mining
30:14 Imperial Age
27:58 Scale Barding Armor
28:03 Forging
27:46 Fletching
28:13 Tusk Swords
28:29 Town Patrol
29:19 Chain Barding Armor
29:35 Iron Casting
30:45 Bloodlines
30:36 Husbandry
30:36 Capped Ram
30:37 Elite Battle Elephant
31:53 Plate Barding Armor
32:35 Blast Furnace
31:45 Siege Ram
38:17 Coinage
38:35 Bodkin Arrow
38:31 Light Cavalry
39:56 Siege Engineers
40:52 Chemistry
40:03 Masonry
39:22 Light Cavalry
40:24 Heavy Scorpion
43:33 Ballistics
44:07 Caravan
46:45 Fortified Wall
49:08 Architecture
48:38 Bracer
48:34 Murder Holes
49:04 Conscription
49:40 Banking
Honda
10:46 Feudal Age
14:40 Castle Age
12:47 Double-Bit Axe
13:09 Horse Collar
15:34 Bow Saw
18:10 Loom
20:39 Wheelbarrow
20:55 Heavy Plow
21:38 Stone Mining
21:39 Gold Mining
25:22 Scale Mail Armor
25:32 Forging
26:25 Chain Mail Armor
29:17 Imperial Age
27:06 Anarchy
27:42 Iron Casting
28:09 Caravan
28:04 Pikeman
28:44 Squires
29:23 Hand Cart
29:20 Fletching
29:26 Halberdier
31:07 Blast Furnace
30:28 Conscription
30:04 Elite Huskarl
36:08 Town Watch
36:44 Perfusion
46:31 Coinage
47:00 Guilds
爱人跟人走
8:27 Feudal Age
9:37 Double-Bit Axe
10:15 Horse Collar
14:50 Wheelbarrow
16:11 Loom
19:36 Castle Age
18:26 Forging
20:41 Bow Saw
20:32 Heavy Plow
20:42 Husbandry
23:41 Light Cavalry
26:18 Stone Mining
26:19 Gold Mining
26:57 Bloodlines
27:53 Town Watch
28:29 Fletching
31:52 Imperial Age
29:59 Hand Cart
30:04 Bodkin Arrow
31:29 Gold Shaft Mining
32:36 Bracer
33:12 Ballistics
33:53 Chemistry
33:40 Conscription
34:10 Elite Mangudai
35:13 Drill
35:46 Bloodlines
36:06 Caravan
36:25 Padded Archer Armor
37:08 Thumb Ring
37:28 Parthian Tactics
39:18 Leather Archer Armor
39:17 Fortified Wall
39:20 Masonry
39:50 Nomads
40:28 Coinage
44:21 Hoardings
白龍
8:34 Feudal Age
8:31 Loom
9:13 Double-Bit Axe
9:22 Horse Collar
14:22 Bloodlines
15:56 Wheelbarrow
19:00 Castle Age
17:12 Gold Mining
17:44 Scale Barding Armor
18:33 Forging
18:38 Stone Mining
19:54 Bow Saw
19:44 Heavy Plow
19:43 Light Cavalry
21:29 Loom
23:17 Chain Barding Armor
30:51 Hand Cart
36:07 Imperial Age
34:26 Caravan
35:37 Husbandry
36:51 Iron Casting
36:11 Elite Jarl
36:12 Vendel Legacy
37:31 Conscription
37:57 Fletching
40:42 Two-Man Saw
39:08 Hussar
40:48 Conscription
41:17 Plate Barding Armor
43:06 Cavalier
44:56 Guilds
45:25 Crop Rotation
46:24 Blast Furnace
47:52 Coinage
49:28 Banking
50:10 Town Watch
山米爾
5:46 Loom
8:00 Feudal Age
8:37 Double-Bit Axe
10:14 Horse Collar
12:37 Town Watch
15:09 Wheelbarrow
19:33 Castle Age
18:42 Gold Mining
19:04 Bloodlines
19:38 Light Cavalry
20:32 Bow Saw
20:40 Forging
21:15 Heavy Plow
27:01 Hand Cart
28:04 Gold Shaft Mining
27:19 Stone Mining
32:22 Imperial Age
30:10 Fletching
30:41 Fortified Wall
30:52 Ballistics
30:34 Padded Archer Armor
31:40 Bodkin Arrow
33:03 Leather Archer Armor
32:51 Husbandry
33:23 Bracer
34:40 Chemistry
33:47 Siege Engineers
34:44 Caravan
38:31 Coinage
38:43 Thumb Ring
39:04 Parthian Tactics
40:03 Banking
40:08 Conscription
39:36 Elite Mangudai
41:52 Masonry
44:57 Drill
46:35 Onager
48:49 Nomads
49:25 Hoardings
49:25 Siege Onager
51:03 Capped Ram
Rayz
10:58 Feudal Age
12:07 Double-Bit Axe
12:03 Horse Collar
14:38 Castle Age
15:37 Bow Saw
16:26 Wheelbarrow
23:00 Stone Mining
23:08 Gold Mining
26:31 Heavy Plow
26:55 Hand Cart
27:00 Loom
29:54 Imperial Age
27:14 Town Watch
27:45 Scale Barding Armor
28:51 Chain Barding Armor
29:38 Gold Shaft Mining
29:49 Forging
30:48 Conscription
30:39 Guilds
31:34 Two-Man Saw
31:11 Stone Shaft Mining
31:38 Crop Rotation
30:30 Elite War Elephant
32:02 Plate Barding Armor
32:45 Iron Casting
32:55 Bloodlines
32:46 Husbandry
35:13 Blast Furnace
38:25 Citadels
40:17 Caravan
40:48 Coinage
40:56 Masonry
41:05 Fletching
41:55 Hoardings
42:50 Banking
49:13 Architecture
散步黑鵝
0:29 Loom
11:50 Feudal Age
15:24 Castle Age
13:42 Double-Bit Axe
13:38 Horse Collar
18:05 Bow Saw
21:41 Fletching
25:27 Wheelbarrow
25:04 Gold Mining
26:21 Bodkin Arrow
32:48 Imperial Age
31:34 Ballistics
35:08 Chemistry
34:44 Bracer
35:45 Padded Archer Armor
37:24 Conscription
38:21 Leather Archer Armor
39:23 Elite Plumed Archer
40:20 Thumb Ring
43:10 Hand Cart
43:36 Caravan
43:39 Capped Ram
45:04 Ring Archer Armor
44:56 Siege Ram
48:15 Guilds
48:53 Fortified Wall
Connection lost

Rejoining the realm…

Still unreachable

The connection could not be restored.

Session expired

The server has moved on; the page needs a fresh start.